 Dungeon Crawl Stone Soup version 0.29.0-4-gdea44cf6ec (webtiles) character file.

Game seed: 2252736028133575398

16 qw the Chopper (level 2, 0/17 HPs)
             Began as a Tengu Warper on Aug 28, 2022.
             Slain by a quokka (1 damage)
             ... on level 2 of the Dungeon.
             The game lasted 00:00:02 (679 turns).

qw the Chopper (Tengu Warper)                        Turns: 679, Time: 00:00:03

Health: 0/17       AC:  3    Str: 11    XL:     2   Next: 58%
Magic:  6/6        EV: 11    Int: 13    God:
Gold:   25         SH:  0    Dex: 13    Spells: 5/5 levels left

rFire   . . .      SeeInvis .   a - +0 hand axe
rCold   . . .      Faith    .   (no shield)
rNeg    . . .      Spirit   .   b - +0 leather armour
rPois   .          Reflect  .   (helmet restricted)
rElec   .          Harm     .   (no cloak)
rCorr   .          Rampage  .   (no gloves)
Will    .....                   (boots unavailable)
Stlth   +.........              (no amulet)
HPRegen 0.05/turn               (no ring)
MPRegen 0.10/turn               (no ring)

@: no status effects
A: beak, talons 3
a: no special abilities


You were on level 2 of the Dungeon.
You visited 1 branch of the dungeon, and saw 2 of its levels.

You collected 25 gold pieces.


Innate Abilities, Weirdness & Mutations

You have a beak for a mouth.
You have claws for feet.


   Skills:
 - Level 2.0 Fighting
 + Level 3.4 Axes
 - Level 1.0 Throwing
 - Level 1.1 Armour
 - Level 2.1 Dodging
 - Level 2.0 Spellcasting
 - Level 2.4 Translocations


You had 5 spell levels left.
You didn't know any spells.
Your spell library contained the following spells:

 Spells                   Type           Power      Damage    Failure   Level
 Blink                    Tloc           14%        N/A       19%         2
 Gell's Gravitas          Tloc           7%         N/A       36%         3
 Lesser Beckoning         Tloc           7%         N/A       36%         3
 Teleport Other           Tloc           7%         N/A       36%         3
 Manifold Assault         Tloc           7%         N/A       98%         5

Inventory:

Hand Weapons
 a - a +0 hand axe (weapon)
Missiles
 k - 2 javelins (quivered)
Armour
 b - a +0 leather armour (worn)
Scrolls
 c - a scroll of blinking
 f - a scroll of teleportation {unknown}
 g - a scroll of immolation {unknown}
 h - a scroll of acquirement {unknown}
 i - 2 scrolls of identify {unknown}
Potions
 d - a potion of heal wounds {unknown}
 e - a potion of berserk rage {unknown}
 j - a potion of magic {unknown}

Dungeon Overview and Level Annotations

Branches:
Dungeon (1/15)

Altars:


Message History

You kill the goblin!
A dart slug comes into view.
You completely miss the quokka. Your kick misses the quokka.
The quokka closely misses you.
The goblin shoots a sling bullet.
The sling bullet hits you but does no damage.
You barely miss the quokka. The quokka bites you.
The quokka closely misses you.
You barely miss the quokka. You claw the quokka.
You kill the quokka!
The goblin shoots a sling bullet.
The sling bullet hits you. The dart slug launches a dart at you.
The slug dart misses you.
The goblin unwields a +0 sling.
The goblin wields a +0 club.
The goblin closely misses you.
You barely miss the goblin. Your peck misses the goblin. You miss the quokka.
The quokka barely misses you. The goblin closely misses you.
The quokka bites you but does no damage.
You barely miss the goblin. You claw the goblin.
You kill the goblin!
You closely miss the quokka. The quokka bites you.
You barely miss the quokka. Your kick misses the quokka.
You peck the quokka, but do no damage.
The quokka bites you but does no damage.
You hit the quokka. Your peck misses the quokka.
The quokka is moderately wounded.
The quokka bites you but does no damage.
The quokka bites you.
You barely miss the quokka. Your kick misses the quokka.
The quokka is moderately wounded.
The quokka barely misses you. The dart slug launches a dart at you.
The slug dart hits you.
You hit the quokka but do no damage.
The quokka is moderately wounded.
The quokka barely misses you.
You barely miss the quokka. Your peck misses the quokka.
The quokka is moderately wounded.
The quokka bites you.
You die...

...$......#
......... #
....... .##.(...
......## #.w>..
#.%)# ########.
#.@.###........
#)r.....####
#............#
#.#.#.######.#
...#.#.######.#
...
..#.....##.###.#
.#.
#####...........#
.. #.##.#..###.#
#.##.#..#


You could see a dart slug and a quokka.

Vanquished Creatures
  A dart slug (D:2)
  2 endoplasms
  2 goblins (D:2)
  A hobgoblin (D:1)
  A quokka (D:2)
  A bat (D:1)
  A frilled lizard (D:1)
  2 kobolds (D:1)
  4 rats
15 creatures vanquished.

Vanquished Creatures (others)
  A plant (D:2)
1 creature vanquished.

Grand Total: 16 creatures vanquished

Notes
Turn   | Place    | Note
-------+----------+-------------------------------------------
     0 | D:1      | qw the Tengu Warper began the quest for the Orb.
     0 | D:1      | Reached XP level 1. HP: 12/12 MP: 4/4
     0 | D:1      | 0 ||| qw: Version: 0.1-a-89-g26bdef1
     0 | D:1      | 0 ||| qw: Game counter: 1680
     0 | D:1      | 0 ||| qw: Always use a shield: true
     0 | D:1      | 0 ||| qw: God list: Okawaru
     0 | D:1      | 0 ||| qw: Allow faded altars: false
     0 | D:1      | 0 ||| qw: Do Orc after D:15 true
     0 | D:1      | 0 ||| qw: Do second Lair branch before Depths: true
     0 | D:1      | 0 ||| qw: Lair rune preference: random
     0 | D:1      | 0 ||| qw: Plans: Normal
     0 | D:1      | 0 ||| PLANNING D:1-11
   346 | D:1      | Reached XP level 2. HP: 15/17 MP: 6/6
   350 | D:1      | Reached skill level 3 in Axes
   414 | D:1      | You fall into a shaft and drop 1 floor!
   431 | D:2      | 431 ||| Stepping ~*~*~tactically~*~*~ (hiding).
   538 | D:2      | 538 ||| Stepping ~*~*~tactically~*~*~ (hiding).
   676 | D:2      | HP: 4/17 [quokka (2)]
   677 | D:2      | HP: 1/17 [dart slug/slug dart (3)]
   679 | D:2      | Slain by a quokka

Levels and vault maps discovered:
D:1:      enne_arrival_octagon_isle, layout_loops_ring
D:2:      layout_loops_ring, ebering_ecumenical_altar_mist, minivault_5,
          serial_bayou_pond_b

Skill      XL: |  1  2 |
---------------+-------+-----
Axes           | 3 |  3.4
Fighting       | |  2.0
Throwing       | |  1.0
Armour         | |  1.1
Dodging        | |  2.1
Spellcasting   | |  2.0
Translocations | |  2.4

Action                   || total
-------------------------++-------
Melee: Hand axe          ||    35
       Kick              ||     5
       Peck              ||     5
Throw: Boomerang         ||     7
Armor: Leather armour    ||    11
Dodge: Dodged            ||    21

Table legend:
 A = Non-vault XP
 B = Vault XP
 C = Vault XP percentage of total XP
 D = Non-vault monster count
 E = Vault monster count
 F = Vault count percentage of total count
                 A         B        C        D         E       F
            +---------+---------+-------+---------+---------+-------
      Total |      24 |       0 |   0.0 |      15 |       0 |   0.0
            +---------+---------+-------+---------+---------+-------
        D:1 |      11 |       0 |   0.0 |       9 |       0 |   0.0
        D:2 |      13 |       0 |   0.0 |       6 |       0 |   0.0
            +---------+---------+-------+---------+---------+-------
